 Dungeon Crawl Stone Soup version 0.30.1-9-gdf580d7c3d (webtiles) character file.

Game seed: 17643677158066278310

110781 monsoonserge the Peltast (level 16, -3/126 HPs)
             Began as a Merfolk Monk on Oct 25, 2023.
             Was an Initiate of Uskayaw.
             Killed from afar by Arachne (14 damage)
             ... with a poison arrow
             ... on level 2 of the Spider Nest.
             The game lasted 01:43:36 (24294 turns).

monsoonserge the Peltast (Merfolk Monk)            Turns: 24294, Time: 01:43:38

Health: -3/126     AC: 23    Str: 12    XL:     16   Next: 56%
Magic:  12/23      EV: 19    Int:  6    God:    Uskayaw [......]
Gold:   1053       SH: 17    Dex: 25    Spells: 15/15 levels left

rFire   + . .        B - +8 trishula "Condemnation" {holy, anguish, *Noise Fly rN+}
rCold   . . .        x - +1 kite shield {AC+3}
rNeg    + + +        u - +6 ring mail "Qethrado" {Rampage Int-4 Dex+2}
rPois   +            (no helmet)
rElec   .            z - +2 cloak {rF+}
rCorr   .            J - +2 pair of gloves
SInv    .            t - +0 pair of boots
Will    ++...        f - amulet "Loacra" {rPois rN++ Regen+}
Stlth   ++++         V - +4 ring of slaying
HPRegen 1.21/turn    S - ring of willpower
MPRegen 0.18/turn

%: rampage
@: lethally poisoned (-3 -> -9), flying, studying Poison Magic
A: (nimble swimmer 2), mertail
a: Renounce Religion


You were on level 2 of the Spider Nest.
You worshipped Uskayaw.
Uskayaw was aware of your devotion.
You visited 6 branches of the dungeon, and saw 26 of its levels.
You also visited: Ossuary, Gauntlet and Volcano.

You collected 2778 gold pieces.
You spent 1725 gold pieces at shops.

Inventory:

Hand Weapons
 a - the +8 lance "Wyrmbane" {slay drac, rPois rF+ rC+ AC+3}
   (You bought it in a shop on level 2 of the Orcish Mines)

   AC:        It affects your AC (+3).
   rF:        It protects you from fire.
   rC:        It protects you from cold.
   rPois:     It protects you from poison.
 B - the +8 trishula "Condemnation" (weapon) {holy, anguish, *Noise Fly rN+}
   (You found it in a Gauntlet)

   rN:        It protects you from negative energy.
   Fly:       It grants you flight.
   *Noise:    It may make noises in combat.
Missiles
 i - 7 throwing nets
 m - 5 silver javelins
 r - 8 atropa-tipped darts
 G - 2 silver boomerangs
 U - 2 curare-tipped darts
 X - 11 javelins (quivered)
Armour
 g - the +3 salamander hide armour {Flames, rFlCloud rF++ rC--}
   (You found it on level 12 of the Dungeon)

   Flames:    It surrounds you with flame clouds and enhances your fire magic.
   rFlCloud:  It grants immunity to flame clouds.
   rF:        It greatly protects you from fire.
   rC:        It makes you very vulnerable to cold.
 t - a +0 pair of boots (worn)
 u - the +6 ring mail "Qethrado" (worn) {Rampage Int-4 Dex+2}
   (You found it on level 2 of the Dungeon)

   Int:       It affects your intelligence (-4).
   Dex:       It affects your dexterity (+2).
   Rampage:   It bestows one free step when moving towards enemies.
 x - a +1 kite shield of protection (worn)
 z - a +2 cloak of fire resistance (worn)
 J - a +2 pair of gloves (worn)
 T - a +1 cloak of poison resistance
Jewellery
 f - the amulet "Loacra" (around neck) {rPois rN++ Regen+}
   (You acquired it on level 3 of the Dungeon)

   [amulet of regeneration]

   rPois:     It protects you from poison.
   rN:        It greatly protects you from negative energy.
   Regen:     It increases your rate of health regeneration.
 h - a ring of flight
 v - a ring of see invisible
 A - a +6 ring of strength
 L - a ring of protection from fire
 S - a ring of willpower (right hand)
 V - a +4 ring of slaying (left hand)
Wands
 d - a wand of digging (5)
 p - a wand of paralysis (3)
 y - a wand of mindburst (14)
 N - a wand of acid (11)
 P - a wand of polymorph (10)
 W - a wand of roots (13)
Scrolls
 o - 3 scrolls of poison
 q - 2 scrolls of immolation
 w - 9 scrolls of fog
 C - 5 scrolls of enchant armour
 I - 2 scrolls of fear
 M - a scroll of identify
 O - 2 scrolls of magic mapping
 R - 12 scrolls of teleportation
 Z - a scroll of blinking
Potions
 b - 6 potions of lignification {unknown}
 c - 2 potions of ambrosia
 e - a potion of brilliance
 j - 14 potions of curing
 k - 6 potions of heal wounds
 l - 4 potions of might
 n - 4 potions of mutation
 s - a potion of cancellation
 D - 3 potions of haste
 E - a potion of resistance
 F - 7 potions of berserk rage
 Q - 5 potions of flight
 Y - 3 potions of invisibility
Miscellaneous
 H - a tin of tremorstones (2/2)
 K - a phial of floods


   Skills:
 + Level 11.4 Fighting
 - Level 14.0 Long Blades
 + Level 12.1 Polearms
 + Level 1.6 Throwing
 + Level 7.3 Armour
 + Level 12.5 Dodging
 - Level 8.0 Stealth
 + Level 15.3 Shields
 + Level 9.8 Invocations
 + Level 6.0 Evocations


You had 15 spell levels left.
You didn't know any spells.
Your spell library contained the following spells:

 Spells                   Type           Power      Damage    Failure   Level
 Apportation              Tloc           0%         N/A       88%         1
 Beastly Appendage        Tmut           0%         N/A       88%         1
 Necrotise                Necr           0%         1d4       88%         1
 Sandblast                Erth           0%         2d4       88%         1
 Shock                    Conj/Air       0%         1d3       88%         1
 Sting                    Tmut/Pois      0%         1d3       88%         1
 Summon Small Mammal      Summ           0%         N/A       88%         1
 Blink                    Tloc           0%         N/A       96%         2
 Cigotuvi's Dreadful Rot  Necr/Pois/Air  0%         N/A       96%         2
 Lesser Beckoning         Tloc           0%         N/A       96%         2
 Momentum Strike          Conj/Tloc      0%         3d8       96%         2
 Passwall                 Tmut/Erth      0%         N/A       96%         2
 Poisonous Vapours        Pois/Air       0%         N/A       96%         2
 Static Discharge         Conj/Air       0%         2-2/arc   96%         2
 Sublimation of Blood     Necr           0%         N/A       96%         2
 Wereblood                Tmut           0%         N/A       96%         2
 Inner Flame              Hex/Fire       0%         N/A       99%         3
 Portal Projectile        Hex/Tloc       0%         N/A       99%         3
 Spider Form              Tmut/Pois      0%         N/A       99%         3
 Stone Arrow              Conj/Erth      0%         3d7       99%         3
 Swiftness                Air            0%         N/A       99%         3
 Tukima's Dance           Hex            0%         N/A       99%         3
 Airstrike                Air            0%         2d(0-16)  100%        4
 Dispel Undead            Necr           0%         3d6       100%        4
 Flame Wave               Conj/Fire      0%         2d4       100%        4
 Olgreb's Toxic Radiance  Pois           0%         N/A       100%        4
 Petrify                  Tmut/Erth      0%         N/A       100%        4
 Sticky Flame             Conj/Fire      0%         2d3       100%        4
 Summon Lightning Spire   Summ/Air       0%         N/A       100%        4
 Alistair's Intoxication  Tmut/Pois      0%         N/A       100%        5
 Blade Hands              Tmut           0%         N/A       100%        5
 Fireball                 Conj/Fire      0%         3d3       100%        5
 Irradiate                Conj/Tmut      0%         3d11      100%        5
 Iskenderun's Battlesphe  Conj           0%         2d6       100%        5
 Conjure Ball Lightning   Conj/Air       0%         3x3d6     100%        6
 Death Channel            Necr           0%         N/A       100%        6
 Orb of Destruction       Conj           0%         9d5       100%        7


Dungeon Overview and Level Annotations

Branches:
Dungeon (15/15)            Temple (1/1) D:5            Lair (5/5) D:8
 Shoals (1/4) Lair:2       Spider (2/4) Lair:2        Slime (0/5) Lair:5
    Orc (2/2) D:12            Elf (0/3) Orc:2        Vaults (0/5) D:14
 Depths (0/4) D:15        Ossuary (visited)         Volcano (visited)
Gauntlet (visited)

Altars:
Ashenzari
Cheibriados
Dithmenos
Elyvilon
Fedhas
Gozag
Hepliaklqana
Kikubaaqudgha
Makhleb
Nemelex Xobeh
Okawaru
Qazlal
Ru
Sif Muna
Trog
Uskayaw
Vehumet
Wu Jian
Xom
Yredelemnul
Zin
The Shining One

Shops:
D:4 *[[!=   D:14 ?(   Orc:2 (:*=

Portals:
Trove: D:11 (give 4 scrolls of blinking)

Annotations:
Spider:2 Arachne
Orc:2 3 runed translucent doors, lordvenom1's ghost, journeyman MiFi


Innate Abilities, Weirdness & Mutations

((You are very nimble when in or above water. (Stealth+, EV+, Speed+++)))
Your lower body shifts to a powerful aquatic tail in water.


Message History

You kill the torpor snail!
You can no longer stomp with the beat.
You feel yourself speed up.
You feel sick.
Arachne hits you with a staff of poison!
* * * LOW HITPOINT WARNING * * *
Arachne envenoms you.
* * * LOW HITPOINT WARNING * * *
Arachne hits you with a staff of poison.
* * * LOW HITPOINT WARNING * * *
Arachne envenoms you.
* * * LOW HITPOINT WARNING * * *
Arachne hits you but does no damage. Arachne envenoms you.
* * * LOW HITPOINT WARNING * * *
Unknown command.
Okay, then.
You impale Arachne!!
Arachne is haunted by guilt!
Arachne is almost dead.
You feel sick. Arachne barely misses you.
Unknown command.
Press: ? - help, v - describe, . - travel
Here: Arachne, wielding a staff of poison (almost dead, anguished)
The floor, spattered with blood.
You completely miss Arachne.
Arachne is almost dead.
Arachne stares at you and mumbles some strange words.
You block the poison arrow.
You closely miss Arachne.
Arachne is almost dead.
You feel sick.
Arachne's staff shoots out a stream of webbing.
The stream of webbing hits you but does no damage.
You are caught in a web!
The web tears apart.
You feel sick.
Arachne says, "No one escapes my webs."
Arachne stares at you and mumbles some strange words.
The poison arrow hits you!
You are more poisoned.
You partially resist.
You die...

.## ### .^ ..## ##.##
##.# #..## #...# #..#
##..###...# #..#
##.^##...# ##..#
##.....^#####...###
##......#........###
##.......##.H.....##
##......####.@......#
##...>...# #..†......
##........#
#.......^.
##.........#
#........^
...........#
..........
...........#
##.........
.##.......##
#.........
######^####
####...... ###


You could see Arachne (anguished).

Vanquished Creatures
  Jorgrun (Lair:2)
  Gastronok (Lair:2)
  Agnes (Spider:1)
  A minotaur (Gauntlet)
  Nessos (Lair:5)
  Azrael (D:13)
  A dire elephant (D:15)
  4 vault guards (D:14)
  Harold (Lair:1)
  3 hydras
  4 centaur warriors
  3 catoblepae (Lair:5)
  An ogre mage (D:15)
  7 boulder beetles
  A death knight (D:13)
  A radroach (Lair:2)
  6 two-headed ogres
  A dancing weapon (Volcano)
  3 tengu warriors
  5 orc high priests
  10 death yaks
  Urug (D:11)
  2 skysharks
  Amaemon (Lair:1)
  A salamander mystic (D:12)
  4 skeletal warriors
  2 sea snakes (Shoals:1)
  A pharaoh ant (Lair:2)
  An orb spider (Spider:1)
  2 lindwurms
  A steelbarb worm (Spider:1)
  4 wizards (Volcano)
  3 deep elf pyromancers
  2 oklob plants
  5 orc knights
  4 wolf spiders
  5 orc sorcerers
  A salamander (D:12)
  10 ugly things
  3 cyclopes
  Maurice (D:9)
  5 toenail golems (Volcano)
  Joseph (D:7)
  4 manticores
  9 elephants
  A black mamba (Lair:5)
  An orange demon (Lair:1)
  A gargoyle (D:14)
  A demonic crawler (Lair:2)
  6 cane toads
  Maggie (D:7)
  7 komodo dragons
  2 torpor snails (Spider:2)
  A tengu conjurer (D:14)
  A rime drake (Lair:3)
  2 efreet
  2 polar bears (Lair:1)
  3 trolls
  9 tarantellas
  17 blink frogs
  6 dream sheep (Lair:4)
  A water elemental (D:15)
  2 centaur simulacra (Gauntlet)
  3 culicivoras
  9 jumping spiders
  5 shadows
  52 yaks
  6 slime creatures (D:15)
  7 wyverns
  2 basilisks
  2 humans (D:14)
  The ghost of foxicus the Chopper, an amateur HOFi (D:3)
  6 wraiths
  3 fire elementals (D:13)
  2 steam dragons
  Grum (D:9)
  5 redbacks
  6 vampire mosquitoes
  3 wargs
  3 swamp worms (Gauntlet)
  An acid dragon (D:12)
  14 water moccasins
  4 hell hounds (D:13)
  An ice beast (D:5)
  24 orc warriors
  2 black bears
  11 ogres
  13 wolves
  7 centaurs
  3 kobold brigands
  14 bullfrogs
  3 gnoll sergeants
  9 wights
  6 killer bees (D:7)
  6 howler monkeys
  6 bullfrog zombies (Ossuary)
  A wyvern simulacrum (Gauntlet)
  15 jellies
  3 centaur zombies (Ossuary)
  5 hounds
  15 orc priests
  5 iguanas
  12 mummies (Ossuary)
  3 sleepcaps
  29 orc wizards
  6 hell rats (Lair:4)
  A statue (D:7)
  A killer bee zombie (Ossuary)
  A howler monkey zombie (Ossuary)
  18 gnolls
  11 adders
  2 shadow imps (D:6)
  2 white imps
  An ufetubus (D:5)
  A worm zombie (D:5)
  A worm (D:5)
  A dart slug (D:4)
  68 orcs
  15 endoplasms
  5 giant cockroaches
  6 goblins
  8 hobgoblins
  2 jackals (D:2)
  5 quokkas
  9 ball pythons
  11 bats
  3 frilled lizards
  17 kobolds
  9 rats
726 creatures vanquished.

Vanquished Creatures (others)
  A vault guard (D:14)
  A hydra (D:15)
  A steelbarb worm (Spider:2)
  A wizard (Volcano)
  An ugly thing (D:15)
  An unseen horror (D:13)
  A blink frog (Lair:1)
  A jumping spider (Spider:1)
  An orc wizard (Orc:1)
9 creatures vanquished.

Grand Total: 735 creatures vanquished

Notes
Turn   | Place    | Note
-------+----------+-------------------------------------------
     0 | D:1      | monsoonserge the Merfolk Monk began the quest for the Orb.
     0 | D:1      | Reached XP level 1. HP: 18/18 MP: 1/1
   135 | D:1      | Found a faded altar of an unknown god.
   151 | D:1      | Prayed at the altar of an unknown god.
   151 | D:1      | Became a worshipper of Uskayaw the Reveller
   151 | D:1      | Reached * piety under Uskayaw
   151 | D:1      | Reached ** piety under Uskayaw
   184 | D:1      | Reached XP level 2. HP: 24/24 MP: 2/2
   776 | D:2      | Reached skill level 1 in Invocations
   776 | D:2      | Reached XP level 3. HP: 30/30 MP: 2/4
   797 | D:2      | Found a glowing silver altar of Zin.
  1087 | D:2      | Reached XP level 4. HP: 37/37 MP: 5/5
  1353 | D:3      | Found a runed translucent door.
  1354 | D:3      | Noticed foxicus's ghost (amateur HOFi)
  1548 | D:2      | Identified the +6 ring mail "Qethrado" {Rampage Int-4
                  | Dex+2}
  1701 | D:3      | Found a runed translucent door.
  2114 | D:4      | Reached XP level 5. HP: 42/42 MP: 2/6
  2127 | D:3      | Identified a scroll of acquirement
  2129 | D:3      | Acquired the amulet "Loacra" {rPois rN++ Regen+}
  2146 | D:4      | Found Qiroetus's Distillery.
  2153 | D:4      | Found Zamiat's Armour Emporium.
  2175 | D:4      | Reached skill level 5 in Long Blades
  2327 | D:4      | Found Jusk's Armour Shoppe.
  2336 | D:4      | Reached skill level 5 in Dodging
  2422 | D:4      | Found Natiw's Assorted Antiques.
  2497 | D:4      | Reached skill level 1 in Armour
  2497 | D:4      | Reached XP level 6. HP: 48/48 MP: 6/8
  2686 | D:4      | Found Modaimaz's Jewellery Boutique.
  2793 | D:4      | Found a stormy altar of Qazlal.
  3028 | D:4      | Reached skill level 1 in Stealth
  3235 | D:4      | Bought a +1 kite shield of protection for 198 gold pieces
  3310 | D:4      | Bought a scroll labelled YCVUCIN QUBI for 29 gold pieces
  3310 | D:4      | Bought a fuming golden potion for 26 gold pieces
  3310 | D:4      | Bought an amethyst potion for 26 gold pieces
  3400 | D:5      | Entered Level 5 of the Dungeon
  3400 | D:5      | Noticed a water moccasin
  3410 | D:4      | Reached XP level 7. HP: 53/54 MP: 9/9
  3485 | D:5      | Found a sand-covered staircase.
  3521 | Ossuary  | Entered an ossuary
  3538 | Ossuary  | Reached *** piety under Uskayaw
  3545 | Ossuary  | Reached skill level 1 in Shields
  3672 | Ossuary  | Reached **** piety under Uskayaw
  3678 | Ossuary  | Reached XP level 8. HP: 59/61 MP: 2/10
  3751 | Ossuary  | Reached skill level 2 in Shields
  4113 | D:5      | Reached skill level 3 in Shields
  4201 | D:5      | Found a staircase to the Ecumenical Temple.
  4210 | Temple   | Entered the Ecumenical Temple
  4584 | D:5      | Noticed a wraith
  4636 | D:5      | Killed a wraith
  4637 | D:5      | Reached skill level 5 in Fighting
  4637 | D:5      | Reached skill level 4 in Shields
  5357 | D:3      | Killed foxicus's ghost
  5358 | D:3      | Reached XP level 9. HP: 54/68 MP: 6/11
  5840 | D:6      | Reached skill level 5 in Shields
  6418 | D:7      | Found a radiant altar of Vehumet.
  6520 | D:7      | Noticed Joseph
  6532 | D:7      | Killed Joseph
  6533 | D:7      | Reached skill level 6 in Shields
  6756 | D:7      | Noticed Maggie
  6775 | D:7      | Killed Maggie
  6776 | D:7      | Reached XP level 10. HP: 53/76 MP: 5/12
  7012 | D:7      | Reached skill level 10 in Long Blades
  7176 | D:7      | Reached skill level 7 in Shields
  7186 | D:7      | Reached ***** piety under Uskayaw
  7250 | D:8      | Reached skill level 5 in Stealth
  7263 | D:8      | Identified the +1 robe "Arru" {Harm rF+ Str+4 Slay-3}
  7290 | D:8      | Found a staircase to the Lair.
  7535 | D:8      | Reached skill level 8 in Shields
  7552 | D:8      | Noticed a skeletal warrior
  7561 | D:8      | Killed a skeletal warrior
  7562 | D:8      | Found the +5 scythe "Finisher" {speed, execute}
  7732 | D:8      | Reached XP level 11. HP: 83/83 MP: 13/13
  7877 | D:9      | Found a bloodstained altar of Trog.
  8125 | D:9      | Noticed Grum
  8136 | D:9      | Killed Grum
  8253 | D:9      | Reached skill level 9 in Shields
  8294 | D:9      | Noticed Maurice
  8298 | D:9      | Killed Maurice
  8529 | D:10     | Entered Level 10 of the Dungeon
  8875 | D:10     | Noticed a cyclops
  8882 | D:10     | Killed a cyclops
  9290 | D:10     | Noticed a two-headed ogre
  9301 | D:10     | Killed a two-headed ogre
  9404 | D:10     | Noticed a two-headed ogre
  9413 | D:10     | Killed a two-headed ogre
  9414 | D:10     | Reached skill level 10 in Shields
  9571 | D:10     | Found a burning altar of Makhleb.
  9585 | D:10     | Found a blossoming altar of Fedhas.
  9874 | D:11     | Reached XP level 12. HP: 92/92 MP: 15/15
  9960 | D:11     | Noticed Urug
  9964 | D:11     | Found a portal to a secret trove of treasure.
  9976 | D:11     | Killed Urug
 10979 | D:4      | Bought a potion of curing for 42 gold pieces
 10979 | D:4      | Bought 2 potions of berserk rage for 140 gold pieces
 10979 | D:4      | Bought a potion of heal wounds for 70 gold pieces
 11055 | Lair:1   | Entered Level 1 of the Lair of Beasts
 11208 | Lair:1   | Noticed Amaemon
 11281 | Lair:1   | Reached skill level 5 in Invocations
 11397 | Lair:1   | Noticed Harold
 11408 | Lair:1   | Killed Harold
 11409 | Lair:1   | Reached skill level 1 in Throwing
 11491 | Lair:1   | Killed Amaemon
 11492 | Lair:1   | Reached skill level 1 in Evocations
 12269 | Lair:2   | Reached skill level 11 in Shields
 12322 | Lair:2   | Noticed a skyshark
 12332 | Lair:2   | Killed a skyshark
 12333 | Lair:2   | Reached skill level 5 in Armour
 12530 | Lair:2   | Found a staircase to the Shoals.
 12606 | Lair:2   | Found a hole to the Spider Nest.
 12608 | Lair:2   | Identified the +1 robe "Rizuonai" {Str+4 Int+2}
 12726 | Lair:2   | Reached XP level 13. HP: 98/98 MP: 17/17
 12842 | Lair:2   | Noticed Gastronok
 12852 | Lair:2   | Killed Gastronok
 13840 | Lair:3   | Reached skill level 12 in Shields
 14235 | Lair:4   | Reached skill level 10 in Dodging
 14397 | Lair:4   | Found a dark tunnel.
 14428 | Volcano  | Entered a volcano
 14448 | Volcano  | Reached skill level 5 in Evocations
 14702 | Volcano  | Reached XP level 14. HP: 108/108 MP: 15/19
 15415 | Lair:5   | Entered Level 5 of the Lair of Beasts
 15467 | Lair:5   | Reached skill level 13 in Shields
 15879 | Lair:5   | Noticed Nessos
 15894 | Lair:5   | Killed Nessos
 15974 | Lair:5   | Found a staircase to the Slime Pits.
 16857 | D:12     | Reached skill level 10 in Fighting
 17366 | D:12     | Found the +3 salamander hide armour {Flames, rFlCloud rF++
                  | rC--}
 17720 | D:12     | Found a staircase to the Orcish Mines.
 17869 | Orc:1    | Entered Level 1 of the Orcish Mines
 17983 | Orc:2    | Entered Level 2 of the Orcish Mines
 18052 | Orc:2    | Found a staircase to the Elven Halls.
 18319 | Orc:2    | Noticed lordvenom1's ghost (journeyman MiFi)
 18452 | Orc:2    | Found a runed translucent gate.
 18452 | Orc:2    | Found a runed translucent gate.
 18452 | Orc:2    | Found a runed translucent gate.
 18500 | Orc:2    | Found Laolutuo's Jewellery Shop.
 18521 | Orc:2    | Reached skill level 14 in Shields
 18523 | Orc:2    | Reached XP level 15. HP: 93/117 MP: 15/22
 18991 | Orc:2    | Found Xoowke's General Store.
 18997 | Orc:2    | Found Dyt Tema's Book Shoppe.
 19008 | Orc:2    | Found Qonump's Weapon Shoppe.
 19151 | Orc:2    | Bought the +8 lance "Wyrmbane" {slay drac, rPois rF+ rC+
                  | AC+3} for 1131 gold pieces
 19151 | Orc:2    | Found the +8 lance "Wyrmbane" {slay drac, rPois rF+ rC+
                  | AC+3}
 19159 | Orc:2    | Bought 5 atropa-tipped darts for 63 gold pieces
 19353 | D:13     | Noticed Azrael
 19367 | D:13     | Killed Azrael
 19368 | D:13     | Reached skill level 1 in Polearms
 20174 | D:14     | Reached skill level 5 in Polearms
 20237 | D:14     | Found a gate leading to a gauntlet.
 20254 | Gauntlet | Entered a Gauntlet
 20254 | Gauntlet | Found a transporter.
 20263 | Gauntlet | Found a transporter.
 20278 | Gauntlet | Found a transporter.
 20305 | Gauntlet | Found a transporter.
 20307 | Gauntlet | Found a transporter.
 20309 | Gauntlet | Found a transporter.
 20331 | Gauntlet | Found a transporter.
 20340 | Gauntlet | Found a transporter.
 20356 | Gauntlet | Found a transporter.
 20358 | Gauntlet | Found a large runed translucent door.
 20358 | Gauntlet | Found a large runed translucent door.
 20359 | Gauntlet | Found a large runed translucent door.
 20359 | Gauntlet | Found a large runed translucent door.
 20360 | Gauntlet | Found a large runed translucent door.
 20360 | Gauntlet | Found a runed translucent door.
 20360 | Gauntlet | Found a large runed translucent door.
 20360 | Gauntlet | Found a runed translucent door.
 20360 | Gauntlet | Found a large runed translucent door.
 20360 | Gauntlet | Found a large runed translucent door.
 20361 | Gauntlet | Found a large runed translucent door.
 20361 | Gauntlet | Found a large runed translucent door.
 20363 | Gauntlet | Found a transporter.
 20378 | Gauntlet | Found a transporter.
 20393 | Gauntlet | Found a large runed translucent door.
 20394 | Gauntlet | Found a large runed translucent door.
 20395 | Gauntlet | Found a large runed translucent door.
 20396 | Gauntlet | Found a runed translucent gate.
 20397 | Gauntlet | Found a transporter.
 20397 | Gauntlet | Found a runed translucent gate.
 20398 | Gauntlet | Found a runed translucent gate.
 20399 | Gauntlet | Found a large runed translucent door.
 20400 | Gauntlet | Found a large runed translucent door.
 20401 | Gauntlet | Found a large runed translucent door.
 20409 | Gauntlet | Found a transporter.
 20430 | Gauntlet | Found a transporter.
 20439 | Gauntlet | Found a transporter.
 20468 | Gauntlet | Found a transporter.
 20499 | Gauntlet | Found a transporter.
 20518 | Gauntlet | Found a transporter.
 20809 | Gauntlet | Identified the +0 hat of the Screaming Tables {rN+ MP-9
                  | Int+3}
 20840 | Gauntlet | Found the +8 trishula "Condemnation" {holy, anguish, *Noise
                  | Fly rN+}
 21154 | D:14     | Found Tir Huen's Magic Scroll Shoppe.
 21281 | D:14     | Found Vozxid's Antique Weapon Shoppe.
 21389 | D:14     | Found a gate to the Vaults.
 21890 | D:15     | Entered Level 15 of the Dungeon
 22185 | D:15     | Found a staircase to the Depths.
 22186 | D:15     | Reached skill level 10 in Polearms
 22194 | D:15     | Reached skill level 15 in Shields
 22194 | D:15     | Reached XP level 16. HP: 106/125 MP: 10/23
 22769 | D:15     | Identified the +2 lajatang of the Ass {flame, rElec rN++
                  | MP-9 Stlth+}
 23074 | Shoals:1 | Entered Level 1 of the Shoals
 23119 | Spider:1 | Entered Level 1 of the Spider Nest
 23119 | Spider:1 | Noticed Jorgrun
 23275 | Lair:2   | Killed Jorgrun
 23370 | Spider:1 | Noticed Agnes
 23383 | Spider:1 | Killed Agnes
 23679 | Spider:1 | Identified the +2 mace of Lierosew {freeze, rPois Str+4
                  | Int-3 Dex+3}
 24256 | Spider:2 | Noticed Arachne
 24294 | Spider:2 | Killed from afar by Arachne

Illustrated notes

Levels and vault maps discovered:
D:1:      dpeg_arrival_radiant, layout_loops_ring,
          hellmonk_ecumenical_altar_inner_sanctum
D:2:      layout_rooms, basic_altar, minivault_24
D:3:      layout_loops_ring, ebering_ghost_sewer_f, minmay_surrounded
D:4:      minmay_chambers_of_threes, layout_cave_pods,
          nicolae_qazlal_eye_of_the_storm, serial_shops, nicolae_shop_stone,
          shop, shop, nicolae_shop_tiny_real_fake_doors,
          kennysheep_windowed_goal
D:5:      layout_basic, minmay_temple_entry_wispy, enter_ossuary_3
D:6:      layout_basic, grunt_ministairs_12
D:7:      layout_basic, vehumet_statue, uniq_joseph, uniq_maggie
D:8:      layout_rooms, lair_entry_dummy, nicolae_wwwww,
          minmay_guarded_unrand_finisher
D:9:      layout_loops_ring, trog_three_pillars_becter, uniq_grum, uniq_maurice
D:10:     minmay_flawed_box, layout_layer_cave, amethyst_overflow_temple_binary,
          evilmike_butchery
D:11:     layout_stronghold, enter_trove_2, uniq_urug
D:12:     layout_cave_pools, minmay_orc_entry_temple_large,
          hellmonk_guarded_unrand_salamander
D:13:     lemuel_slime, layout_cave_pools, minmay_variable_closet, uniq_azrael
D:14:     layout_cave_pods, grunt_vaults_entry_fortified,
          infiniplex_staircase_zigzag_3, gauntlet_entry_generic, serial_shops,
          nicolae_shop_window_shopping, shop
D:15:     hangedman_depths_entry_try_elsewhere_first, layout_irregular_city,
          fountainhead
Temple:   nicolae_temple_bog_church
Lair:1:   layout_cave_pods, uniq_amaemon, uniq_harold
Lair:2:   layout_long_grid, elwin_shoals_entry_rocks,
          spider_nest_entry_web_field, uniq_gastronok
Lair:3:   layout_cellular_growth, ldierk_geyser, lemuel_fruit_fields
Lair:4:   layout_regular_city, nicolae_volcano_entry_two_sided
Lair:5:   evilmike_catoblepas_cave, layout_regular_city, slime_entry_1,
          uniq_nessos
Shoals:1: layout_shoals, nicolae_take_the_stairs
Spider:1: nicolae_spider_mines_3, hangedman_spider_tarantella_strand,
          uniq_jorgrun, uniq_agnes
Spider:2: layout_cave_pods, uniq_arachne
Orc:1:    layout_diamond_mine
Orc:2:    st_orc_elflike, layout_caves, maelrawn_ghost_gauntlet_escape,
          nicolae_orc_stony_grotto

Skill      XL: |  1  2  3  4  5  6  7  8  9 10 11 12 13 14 15 16 |
---------------+-------------------------------------------------+-----
Invocations    | 1 2 3 4 6 7 9 |  9.8
Long Blades    | 4 5 6 7 8 9 11 12 13 14 | 14.0
Fighting       | 4 5 6 7 8 9 10 11 | 11.4
Dodging        | 5 6 7 8 9 10 11 12 | 12.5
Armour         | 1 2 3 4 5 6 7 |  7.3
Stealth        | 1 2 3 4 5 7 8 |  8.0
Shields        | 1 4 6 8 10 11 12 14 15 | 15.3
Throwing       | 1 |  1.6
Evocations     | 2 5 6 |  6.0
Polearms       | 10 12 | 12.1

Action                     |  1- 3 |  4- 6 |  7- 9 | 10-12 | 13-15 | 16-18 || total
---------------------------+-------+-------+-------+-------+-------+-------++-------
  Melee: Falchion          |    86 |   131 |   397 |       |       |       ||   614
         Long sword        |       |       |    15 |       |       |       ||    15
         Scimitar          |       |       |       |   371 |   473 |       ||   844
         Lance             |       |       |       |       |   200 |       ||   200
         Trishula          |       |       |       |       |   149 |   227 ||   376
  Throw: Dart              |       |     1 |       |     7 |     3 |       ||    11
         Javelin           |       |       |       |       |     3 |       ||     3
 Invoke: Stomp             |       |     9 |    27 |    42 |    98 |    28 ||   204
         Line Pass         |       |       |     4 |     3 |     6 |       ||    13
  Evoke: Wand              |       |       |       |       |     4 |       ||     4
         Tin of tremorston |       |       |       |       |     1 |       ||     1
    Use: Scroll            |       |     5 |     5 |     7 |     7 |     2 ||    26
         Potion            |       |     1 |       |       |     2 |       ||     3
   Stab: Sleeping          |       |     1 |    10 |    23 |    18 |     3 ||    55
         Paralysed         |       |       |    11 |    16 |    49 |    19 ||    95
         Confused          |       |       |     3 |       |     3 |       ||     6
         Distracted        |       |       |     3 |     2 |     6 |       ||    11
         Held in net/web   |       |       |       |       |       |     4 ||     4
 Armour: Scale mail        |    27 |       |       |       |       |       ||    27
         Ring mail         |    26 |    43 |   125 |   162 |   265 |    70 ||   691
         Leather armour    |     4 |     6 |       |       |       |       ||    10
  Dodge: Dodged            |    59 |   103 |   205 |   242 |   433 |   187 ||  1229
  Block: Kite shield       |       |     2 |   219 |   349 |   754 |   225 ||  1549
